 Dungeon Crawl Stone Soup version 0.18.1-8-gdd0e5ea (webtiles) character file.

590 Loading the Chopper (level 7, -11/93 HPs)
             Began as a Hill Orc Fighter on May 29, 2016.
             Was an Initiate of Beogh.
             Mangled by an ogre
             ... wielding a +0 giant spiked club
              (15 damage)
             ... on level 4 of the Dungeon.
             The game lasted 00:06:54 (3622 turns).

Loading the Chopper (Hill Orc Fighter)              Turns: 3622, Time: 00:06:55

Health: -11/93     AC: 23    Str: 19    XL:     7   Next: 38%
Magic:  7/7        EV:  2    Int:  8    God:    Beogh [......]
Gold:   219        SH:  0    Dex: 12    Spells: 0 memorised, 6 levels left

rFire  . . .     SeeInvis +     a - +0 war axe
rCold  . . .     Gourm    .     (armour currently unavailable)
rNeg   + + +     Faith    .     (no shield)
rPois  +         Spirit   .     (helmet currently unavailable)
rElec  .         Dismiss  .     (cloak currently unavailable)
rCorr  .         Reflect  .     (gloves currently unavailable)
SustAt .         Harm     .     (boots currently unavailable)
MR     .....     NoTele   +     (no amulet)
Stlth  +.........               (no ring)
                                c - ring of see invisible

@: lethally poisoned (-11 -> -27), tree-form, not resistant to hostile
enchantments, very unstealthy
A: no striking features
a: Renounce Religion


You were on level 4 of the Dungeon.
You worshipped Beogh.
Beogh was noncommittal.
You were not hungry.
You were a tree.
You visited 1 branch of the dungeon, and saw 4 of its levels.

You collected 219 gold pieces.

Inventory:

Hand Weapons
 a - a +0 war axe (weapon)
Armour
 e - a cursed +1 chain mail (melded)
 l - a +0 pair of boots (melded)
Jewellery
 c - a ring of see invisible (left branch)
Scrolls
 b - 2 scrolls of enchant armour
 h - a scroll of teleportation
Potions
 i - 2 potions of ambrosia
Comestibles
 f - a bread ration
 k - a meat ration


   Skills:
 + Level 5.9 Fighting
 * Level 7.4 Axes
 + Level 5.4 Armour
   Level 3.2 Shields
 + Level 0.3 Invocations


You had 6 spell levels left.
You didn't know any spells.

Dungeon Overview and Level Annotations

Branches:
Dungeon (4/15)
 Temple: D:4-7

Altars:
Kikubaaqudgha
Makhleb
Pakellas
Ru
Trog
Vehumet
Xom
Yredelemnul


Message History

It was a potion of lignification.
You turn into a tree.
Your +0 pair of boots melds into your body.
Your cursed +1 chain mail melds into your body.
Your roots penetrate the ground.
* * * LOW HITPOINT WARNING * * *
You feel sick.
Unknown command.
Drink which item? (? for menu, Esc to quit)
It was a potion of flight.
Your roots keep you in place.
* * * LOW HITPOINT WARNING * * *
You feel sick. The ogre hits you but does no damage.
Unknown command.
Read which item? (? for menu, Esc to quit)
Okay, then.
Okay, then.
There is a lethal amount of poison in your body!
* * * LOW HITPOINT WARNING * * *
You feel sick.
The ogre hits you with a giant spiked club!
You die...

#. #. #. ≈# #y ≈≈# #.
≈≈≈# #. #≈≈≈##.####
#≈≈≈#...♣#
#≈≈≈.##O#############
####≈≈≈##.............#
.....≈≈.............#)#
........###########.#.#
..#...#.# #.#.#
......#.### #.#.#
.......>..# #.#.#
.##.....#.#########.#.###


You could see an ogre.

Vanquished Creatures
  Sigmund (D:2)
  An ogre (D:4)
  3 killer bees
  Jessica (D:2)
  Terence (D:2)
  2 worker ants
  5 adders
  2 worms (D:2)
  A dart slug (D:2)
  3 orcs
  A giant cockroach (D:2)
  11 goblins
  6 hobgoblins
  8 jackals
  8 bats
  4 giant newts
  5 kobolds
  6 rats
  2 rat zombies (D:3)
71 creatures vanquished.

Vanquished Creatures (others)
  An adder (D:4)
  A ball python (D:4)
2 creatures vanquished.

Grand Total: 73 creatures vanquished

Notes
Turn   | Place    | Note
--------------------------------------------------------------
     0 | D:1      | Loading the Hill Orc Fighter began the quest for the Orb.
     0 | D:1      | Reached XP level 1. HP: 19/19 MP: 1/1
    64 | D:1      | Reached skill level 3 in Axes
   171 | D:1      | Reached XP level 2. HP: 27/27 MP: 2/2
   761 | D:2      | Reached XP level 3. HP: 30/33 MP: 3/3
   872 | D:2      | Found a basalt altar of Yredelemnul.
   873 | D:2      | Found an oddly glowing altar of Pakellas.
   875 | D:2      | Found a radiant altar of Vehumet.
   892 | D:2      | Noticed Terence
   894 | D:2      | Reached skill level 4 in Axes
   907 | D:2      | Killed Terence
   907 | D:2      | Reached XP level 4. HP: 30/40 MP: 4/4
   965 | D:2      | Noticed Sigmund
   970 | D:2      | Killed Sigmund
   970 | D:2      | Reached skill level 5 in Axes
   970 | D:2      | Reached XP level 5. HP: 26/47 MP: 5/5
  1218 | D:2      | Reached XP level 6. HP: 54/55 MP: 6/6
  1271 | D:2      | Found a sacrificial altar of Ru.
  1271 | D:2      | Found a burning altar of Makhleb.
  1336 | D:2      | Noticed Jessica
  1350 | D:2      | Killed Jessica
  1350 | D:2      | Reached skill level 5 in Fighting
  1350 | D:2      | Reached skill level 6 in Axes
  1534 | D:3      | Found a bloodstained altar of Trog.
  1678 | D:3      | Found a shimmering altar of Xom.
  1732 | D:3      | Found an ancient bone altar of Kikubaaqudgha.
  2395 | D:3      | HP: 1/56 [killer bee (7)]
  2397 | D:3      | Reached skill level 5 in Armour
  3032 | D:4      | Reached skill level 7 in Axes
  3032 | D:4      | Reached XP level 7. HP: 31/62 MP: 7/7
  3536 | D:4      | Became a worshipper of Beogh the Brigand
  3622 | D:4      | HP: 4/93 [poisoned by a killer bee]
  3622 | D:4      | Mangled by an ogre

Skill      XL: |  1  2  3  4  5  6 |
---------------+-------------------+-----
Axes           | 3 4 5 7 |  7.4
Fighting       | 4 5 |  5.9
Armour         | 4 5 |  5.4
Shields        | |  3.2
Invocations    | |  0.3

Action                   |  1- 3 |  4- 6 |  7- 9 || total
-------------------------+-------+-------+-------++-------
Melee: War axe           |    91 |   149 |    38 ||   278
Invok: Convert to Beogh  |       |       |     1 ||     1
  Use: Scroll            |     5 |     2 |       ||     7
       Potion            |       |     4 |     2 ||     6
  Eat: Chunk             |       |     3 |       ||     3
       Fruit             |       |     2 |       ||     2
       Pizza             |       |     2 |       ||     2
       Bread ration      |       |       |     1 ||     1
Armor: Scale mail        |    45 |       |       ||    45
       Chain mail        |       |   123 |    34 ||   157
       Skin              |       |       |     1 ||     1
Dodge: Dodged            |    57 |    79 |    29 ||   165
